Map: Acropolis LE

Players

Denver

  • Race: Zerg Zerg
  • League: Master
  • Spawn Location: 5:00

DPGPartinG (PartinG) - Winner!

  • Race: Protoss Protoss
  • Spawn Location: 11:00

Event: HomeStory Cup XX

VOD

Have the link to the VOD?

Description

Time

  • Played on: Nov. 21, 2019, 3:25 p.m.
  • Length: 12:41

All games in this series

Show
View Real Time Build Order
Export as new Build Order

Denver Zerg 

Build Orders: Hatch First, Lurkers 

Get SALT Encoding   

  12  0:00  Drone  
  13  0:12  Overlord  
  13  0:16  Drone  
  14  0:30  Drone x2  
  16  0:48  Hatchery  
  15  0:52  Drone  
  15  0:56  Drone  
  17  0:59  Drone  
  18  1:22  Spawning Pool, Drone x2  
  18  1:23  Extractor  
  18  1:28  Drone  
  19  1:40  Drone  
  19  1:49  Drone  
  20  2:00  Drone  
  21  2:10  Queen x2  
  21  2:11  Zergling x4  
  21  2:13  Overlord  
  27  2:23  Drone  
  27  2:25  Metabolic Boost  
  28  2:33  Drone x3  
  31  2:50  Hatchery  
  30  2:51  Drone  
  30  2:54  Drone  
  32  2:59  Overlord  
  32  3:01  Drone  
  33  3:11  Spore Crawler  
  31  3:14  Spore Crawler  
  31  3:16  Drone x4  
  31  3:19  Drone  
  38  3:20  Drone x2  
  38  3:27  Lair  
  39  3:31  Overlord  
  40  3:34  Drone  
  40  3:37  Drone  
  41  3:41  Drone  
  41  3:47  Overlord  
  42  3:48  Queen  
  42  3:52  Overlord  
  42  3:55  Drone x2  
  46  3:57  Extractor  
  46  3:58  Extractor  
  46  3:59  Overlord  
  44  4:03  Drone x3  
  47  4:10  Drone x2  
  47  4:11  Queen  
  47  4:14  Drone  
  52  4:22  Zergling x8  
  56  4:27  Drone, Hydralisk Den  
  56  4:31  Drone x2  
  56  4:32  Drone  
  56  4:33  Extractor  
  56  4:34  Drone  
  56  4:38  Overlord  
  58  4:53  Drone x4  
  58  4:54  Drone x3  
  58  4:57  Drone x2  
  58  4:58  Drone x2  
  58  4:59  Grooved Spines  
  69  5:06  Hydralisk x2  
  73  5:10  Overlord  
  73  5:11  Overseer  
  73  5:13  Hydralisk  
  75  5:16  Overlord  
  75  5:19  Extractor, Hydralisk  
  75  5:20  Extractor  
  75  5:22  Overlord  
  75  5:25  Hydralisk  
  75  5:27  Hydralisk  
  79  5:33  Hydralisk x3  
  86  5:35  Overlord  
  86  5:40  Hydralisk x2  
  90  5:46  Zergling x8  
  90  5:47  Overlord  
  93  5:51  Hydralisk x2  
  93  5:56  Hydralisk x2  
  101  6:01  Overlord  
  101  6:03  Hydralisk  
  103  6:08  Hydralisk x3  
  106  6:19  Zergling x2, Hydralisk  
  106  6:20  Zergling x8, Hydralisk  
  115  6:26  Zergling x6  
  115  6:29  Hydralisk  
  115  6:30  Hydralisk  
  106  6:44  Zergling x10  
  109  6:50  Hatchery  
  109  6:52  Lurker Den  
  109  6:53  Zergling x2  
  107  7:01  Zergling x4  
  105  7:03  Queen  
  105  7:04  Hydralisk x2  
  109  7:11  Muscular Augments  
  109  7:14  Burrow  
  109  7:17  Drone x3  
  109  7:18  Drone x2  
  109  7:19  Extractor  
  113  7:23  Hydralisk  
  113  7:25  Overlord  
  113  7:27  Overlord  
  114  7:39  Evolution Chamber  
  114  7:40  Hydralisk  
  114  7:43  Overseer  
  115  7:48  Hydralisk x4  
  124  7:51  Lurker x2  
  124  7:53  Lurker  
  124  7:54  Overlord  
  126  7:59  Lurker  
  127  8:06  Zergling x8  
  124  8:14  Hydralisk x3  
  127  8:20  Zergling x12  
  127  8:25  Hydralisk x2  
  129  8:34  Overseer  
  129  8:36  Lurker x2  
  129  8:37  Zergling x2  
  129  8:38  Zergling x6  
  135  8:44  Hydralisk  
  135  8:49  Hydralisk x4  
  141  8:56  Zergling x4  
  141  8:57  Overlord  
  141  9:00  Hydralisk x2  
  141  9:01  Hydralisk  
  139  9:06  Zergling x4  
  139  9:07  Zergling x4  
  139  9:14  Hydralisk  
  139  9:15  Hydralisk  
  139  9:16  Lurker  
  137  9:17  Lurker  
  137  9:20  Hatchery  
  137  9:21  Zerg Missile Weapons Level 1  
  136  9:25  Hydralisk x3  
  136  9:33  Overlord  
  136  9:36  Lurker  
  137  9:45  Overlord x3  
  137  9:55  Hydralisk x3  
  136  10:02  Overlord  
  136  10:05  Hydralisk x6  
  146  10:11  Hydralisk x2  
  150  10:15  Lurker x2  
  150  10:19  Hydralisk x2  
  156  10:23  Drone x3  
  156  10:24  Drone  
  156  10:27  Overlord  
  160  10:31  Zergling x4, Hydralisk  
  160  10:34  Overlord  
  164  10:37  Overseer  
  164  10:38  Overlord  
  164  10:46  Zergling x12  
  165  10:58  Hydralisk x4  
  168  11:04  Lurker x4  
  168  11:06  Zergling x2  
  168  11:07  Zergling x6  
  173  11:15  Zergling x12  
  173  11:20  Hydralisk x2  
  159  11:35  Hydralisk x6  
  158  11:42  Hydralisk x3  
  145  11:55  Hydralisk  
  145  11:56  Hydralisk x4  
  145  12:00  Zergling x8  
  126  12:02  Hydralisk  
  112  12:11  Hydralisk x2  
  112  12:12  Hydralisk x2  
  118  12:17  Hydralisk x2  
Show
View Real Time Build Order
Export as new Build Order

DPGPartinG Protoss - Winner!

Build Orders: 1 Gate Expand, Double Forge, Archon Immortal 

Get SALT Encoding   

  12  0:00  Probe  
  13  0:12  Probe  
  14  0:18  Pylon  
  14  0:24  Probe  
  15  0:32  Probe  
  15  0:37  Gateway  
  15  0:40  Probe  
  16  0:46  Assimilator  
  17  0:51  Probe  
  18  1:03  Probe  
  19  1:12  Forge  
  19  1:15  Probe  
  20  1:27  Probe  
  20  1:32  Nexus  
  20  1:38  Cybernetics Core  
  20  1:42  Probe  
  21  1:47  Assimilator  
  21  1:54  Probe  
  22  1:57  Pylon  
  22  2:05  Adept  
  22  2:06  Probe  
  25  2:17  Robotics Facility  
  25  2:20  Probe  
  26  2:24  Warp Gate  
  26  2:30  Probe  
  26  2:35  Stalker  
  29  2:38  Probe  
  29  2:40  Probe  
  30  2:46  Probe  
  30  2:48  Probe  
  33  2:58  Probe  
  33  2:59  Probe  
  35  3:07  Warp Prism, Sentry  
  35  3:11  Probe x2  
  41  3:23  Probe x2  
  41  3:24  Pylon  
  43  3:27  Forge  
  43  3:35  Probe x2  
  43  3:37  Gateway  
  43  3:38  Observer  
  45  3:47  Probe x2  
  45  3:48  Immortal  
  48  3:50  Protoss Ground Weapons Level 1  
  48  3:59  Assimilator, Probe  
  48  4:01  Probe  
  54  4:07  Pylon  
  54  4:20  Immortal  
  54  4:26  Pylon, Sentry  
  60  4:32  Gateway  
  60  4:34  Gateway  
  60  4:35  Gateway  
  60  4:38  Sentry  
  62  4:46  Pylon  
  62  4:53  Immortal  
  62  4:59  Nexus  
  66  5:07  Pylon  
  66  5:08  Pylon  
  66  5:09  Sentry  
  66  5:10  Sentry  
  66  5:12  Probe x2  
  72  5:26  Pylon x2, Probe x2  
  74  5:30  Zealot x2  
  78  5:36  Zealot x2  
  78  5:39  Zealot  
  84  5:45  Twilight Council  
  84  5:48  Protoss Ground Armor Level 1  
  84  5:49  Probe x2  
  86  6:00  Zealot x3  
  86  6:02  Zealot  
  94  6:06  Zealot  
  96  6:17  Charge  
  94  6:21  Stalker x2  
  94  6:22  Stalker  
  94  6:23  Stalker  
  100  6:26  Probe x2  
  90  6:33  Zealot  
  90  6:38  Probe x2  
  82  6:43  Probe  
  82  6:45  Immortal  
  79  6:50  Probe x2  
  79  6:51  Observer  
  79  6:53  Zealot  
  87  6:54  Sentry  
  87  6:55  Probe  
  88  7:02  Sentry, Probe  
  88  7:03  Probe, Zealot  
  88  7:07  Probe  
  95  7:10  Photon Cannon  
  95  7:13  Photon Cannon  
  95  7:14  Probe  
  95  7:15  Probe  
  97  7:18  Observer  
  97  7:19  Probe  
  97  7:20  Photon Cannon  
  98  7:23  Assimilator  
  98  7:25  Assimilator  
  98  7:27  Assimilator, Probe x2, Zealot x2  
  105  7:31  Immortal, Sentry x2  
  105  7:37  Zealot  
  111  7:42  Probe x2  
  111  7:43  Probe  
  118  7:54  Gateway  
  118  7:55  Gateway  
  118  7:57  Observer, Templar Archives  
  118  7:58  Probe  
  119  8:07  Zealot x3  
  121  8:14  Zealot  
  121  8:15  Immortal, Zealot  
  123  8:24  Pylon  
  123  8:25  Pylon  
  121  8:27  Pylon  
  121  8:31  Zealot x3  
  122  8:36  Robotics Facility  
  122  8:38  Shield Battery x2  
  122  8:39  High Templar  
  124  8:46  High Templar  
  126  8:50  Archon  
  126  8:52  High Templar x2, Zealot x3  
  126  8:55  Immortal  
  136  8:56  Archon  
  136  8:59  Observer  
  136  9:01  Shield Battery  
  136  9:02  Shield Battery  
  134  9:04  Shield Battery  
  128  9:14  High Templar x2  
  128  9:15  Pylon, Zealot x2  
  132  9:18  Pylon, Archon  
  132  9:19  Zealot  
  134  9:32  Observer, Warp Prism  
  134  9:35  Probe x2  
  134  9:37  Nexus  
  137  9:39  Pylon  
  139  9:46  Psionic Storm  
  139  9:48  Zealot x2  
  139  9:57  Pylon  
  137  10:00  High Templar  
  137  10:01  High Templar x2  
  137  10:04  Zealot  
  145  10:07  Zealot  
  145  10:10  Photon Cannon  
  145  10:13  Immortal  
  145  10:14  Immortal  
  155  10:33  High Templar  
  155  10:34  High Templar  
  155  10:35  Zealot x2  
  163  10:46  Zealot  
  163  10:47  High Templar, Zealot  
  167  10:56  Observer  
  160  10:59  Probe x2  
  160  11:00  Probe  
  160  11:01  Zealot x2  
  160  11:02  Observer  
  161  11:18  Zealot x4  
  157  11:20  Observer, Zealot  
  155  11:33  Zealot x2  
  155  11:37  Observer x2  
  155  11:43  Zealot x5  
  165  11:48  Observer  
  165  11:49  Observer  
  151  11:56  Observer x2  
  151  12:00  Zealot x2  
  145  12:03  Zealot x4  
  145  12:04  Zealot  
  147  12:15  Assimilator  
  147  12:16  Assimilator  
  149  12:25  Zealot x7  
Tags
 
Add a new tag
Caveats
  • Supply blocks, unpowered buildings, or Contaminate may cause inaccurate times.
  • Supply counts are checked every 10 seconds.